 Dungeon Crawl Stone Soup version 0.29-a0-1061-gbc57f8fbdb (webtiles) character file.

Game seed: 12904990038927533461

13000 KleinerIrrer the Black Belt (level 12, -5/118 HPs)
             Began as an Octopode Monk on Aug 18, 2022.
             Was an Initiate of Gozag.
             Slain by Snorg (9 damage)
             ... on level 11 of the Dungeon.
             The game lasted 00:41:13 (17628 turns).

KleinerIrrer the Black Belt (Octopode Monk)        Turns: 17628, Time: 00:41:14

Health: -5/118     AC: 26    Str: 10      XL:     12   Next: 1%
Magic:  12/12      EV:  2    Int: 13 (14) God:    Gozag
Gold:   281        SH:  0    Dex: 20      Spells: 11/11 levels left

rFire   . . .      SeeInvis .     - Unarmed
rCold   . . .      Faith    .   (no shield)
rNeg    . . .      Spirit   .   (helmet currently unavailable)
rPois   +          Reflect  .   z - amulet "Fiobrer" {Acrobat Dex+2}
rElec   .          Harm     .   n - ring of flight
rCorr   .          Rampage  .   (no ring)
Will    .....      NoTele   +   (no ring)
Stlth   ++........              (no ring)
HPRegen 0.29/turn               (no ring)
MPRegen 0.13/turn               (no ring)
                                (no ring)
                                (no ring)

@: tree-form
A: stationary, stasis, torment immunity, boosted hp, almost no armour,
(amphibious), 8 rings, (camouflage 1), (gelatinous body 1), (nimble swimmer 1),
(tentacles), (iridescent scales 1), deterioration 1, robust 1
a: Renounce Religion, Potion Petition, Call Merchant, Bribe Branch


You were on level 11 of the Dungeon.
You worshipped Gozag.
Gozag was aware of your devotion.
You were a tree.
You visited 3 branches of the dungeon, and saw 14 of its levels.
You also visited: Sewer.

You collected 1626 gold pieces.
You spent 628 gold pieces at shops.
You paid 717 gold pieces to Gozag.

Inventory:

Hand Weapons
 o - the +1 short sword "Pohelaf" {venom, rElec rN++ Will- Stlth+}
   (You found it on level 3 of the Dungeon)

   It poisons the flesh of those it strikes.
   rElec:     It insulates you from electricity.
   rN:        It greatly protects you from negative energy.
   Will:      It decreases your willpower.
   Stlth:     It makes you more stealthy.
Missiles
 f - 8 poisoned darts (quivered)
 k - 4 throwing nets
 m - 4 curare-tipped darts
 q - 3 javelins
Jewellery
 n - a ring of flight (left branch)
 s - an amulet of reflection
 z - the amulet "Fiobrer" (around neck) {Acrobat Dex+2}
   (You bought it in a shop on level 9 of the Dungeon)

   [amulet of the acrobat]

   It increases your evasion while moving and waiting.
   Dex:       It affects your dexterity (+2).
Wands
 u - a wand of roots (10)
 v - a wand of mindburst (6)
 A - a wand of digging (1)
Scrolls
 b - 3 scrolls of teleportation
 d - 2 scrolls of immolation {unknown}
 g - 3 scrolls of enchant weapon {unknown}
 j - 2 scrolls of fear
 l - 3 scrolls of magic mapping {unknown}
 r - a scroll of acquirement {unknown}
 t - a scroll of vulnerability {unknown}
 w - 2 scrolls of amnesia {unknown}
 y - a scroll of fog {unknown}
 C - a scroll of enchant armour {unknown}
 H - a scroll of poison {unknown}
Potions
 a - 2 potions of ambrosia
 c - 2 potions of brilliance
 e - a potion of lignification
 h - 8 potions of curing
 i - 2 potions of attraction
 p - 2 potions of might
 x - 2 potions of degeneration
 D - a potion of invisibility {unknown}
Miscellaneous
 E - a phial of floods (inert)


   Skills:
 - Level 3.0 Fighting
 + Level 9.4 Dodging
 - Level 2.6 Stealth
 + Level 16.7 Unarmed Combat


You had 11 spell levels left.
You didn't know any spells.
Your spell library contained the following spells:

 Spells                   Type           Power      Damage    Failure   Level
 Apportation              Tloc           0%         N/A       30%         1
 Magic Dart               Conj           0%         1d3       30%         1
 Necrotise                Necr           0%         1d4       30%         1
 Summon Small Mammal      Summ           0%         N/A       30%         1
 Searing Ray              Conj           0%         2d4       43%         2
 Sublimation of Blood     Necr           0%         N/A       43%         2
 Inner Flame              Hex/Fire       0%         N/A       67%         3
 Cause Fear               Hex            0%         N/A       97%         4
 Fulminant Prism          Conj/Hex       0%         3d6       97%         4
 Petrify                  Tmut/Erth      0%         N/A       97%         4
 Irradiate                Conj/Tmut      0%         3d11      100%        5
 Malign Gateway           Summ/Tloc      0%         N/A       100%        7
 Discord                  Hex            0%         N/A       100%        8
 Summon Horrible Things   Summ           0%         N/A       100%        8


Dungeon Overview and Level Annotations

Branches:
Dungeon (11/15)            Temple (1/1) D:7             Orc (2/2) D:10
  Sewer (visited)
   Lair: D:8-11         Elf: Orc:2

Altars:
Ashenzari
Cheibriados
Dithmenos
Elyvilon
Fedhas
Gozag
Hepliaklqana
Makhleb
Nemelex Xobeh
Okawaru
Qazlal
Ru
Sif Muna
Trog
Uskayaw
Vehumet
Wu Jian
Xom
Yredelemnul
The Shining One

Shops:
D:2 ?   D:5 *   D:9 =

Annotations:
D:7 exclusion: troll
D:9 3 runed translucent doors, tentaculo's ghost, novice OpCK
D:11 Snorg


Innate Abilities, Weirdness & Mutations

You are a tree.
Your roots penetrate the ground, keeping you stationary.
You cannot be teleported.
You are immune to unholy pain and torment.
Your maximum health is greatly increased.
You cannot wear most types of armour.
((You are amphibious.))
You can wear up to eight rings at the same time.
((Your skin changes colour to match your surroundings (Stealth+).))
((Your rubbery body absorbs attacks. (AC +1, EV +1)))
((You are camouflaged when in or above water. (Stealth+)))
((You have tentacles for arms and can constrict up to eight enemies at once.))
((You are partially covered in iridescent scales. (AC +2)))
Your body sometimes deteriorates upon taking damage.
You are robust. (+10% HP)


Message History

Aiming: Fastroot
Press: ? - help, Shift-Dir - straight line, f/p - Snorg
Aim: Snorg (moderately wounded)
The roots erupt in riotous growth!
Roots grab Snorg.
The grasping roots constrict Snorg.
Snorg escapes!
Unknown command.
You tentacle-slap Snorg.
Your tentacle-slap misses Snorg.
Your squeeze misses Snorg.
Snorg is moderately wounded.
You bludgeon Snorg! Your squeeze misses Snorg.
Snorg is heavily wounded.
Snorg bites you! Snorg closely misses you. Snorg misses you.
You closely miss Snorg. You squeeze Snorg!
Snorg is heavily wounded.
Snorg goes berserk!
You bludgeon Snorg! You tentacle-slap Snorg.
Snorg is heavily wounded.
Snorg closely misses you. Snorg claws you! Snorg claws you.
You bludgeon Snorg!
Snorg is severely wounded.
Snorg bites you!! Snorg closely misses you. Snorg completely misses you.
You barely miss Snorg.
Snorg is severely wounded.
Snorg closely misses you. Snorg claws you.
* * * LOW HITPOINT WARNING * * *
Snorg barely misses you.
Really quaff the potion of lignification?
You turn into a tree.
Your roots penetrate the ground.
Snorg bites you!!
* * * LOW HITPOINT WARNING * * *
Your body deteriorates!
You feel dopey. Snorg claws you.
* * * LOW HITPOINT WARNING * * *
Snorg claws you!
* * * LOW HITPOINT WARNING * * *
Snorg bites you.
* * * LOW HITPOINT WARNING * * *
Snorg claws you!
You die...
Your body crumbles into a pile of gold.

$ $ $
######
#....#
#$#..#
#$#♣.#
#$#T.#
#.#..#
#.#$.#
#.#..#
#.#..#
$
#<#.(#
###..#
#...


You could see Snorg (berserk).

Vanquished Creatures
  A death knight (D:10)
  A two-headed ogre (D:9)
  A deep troll (D:10)
  A deep elf pyromancer (D:8)
  Maggie (D:8)
  A freezing wraith (D:10)
  The ghost of Mandevil the Covert, an amateur GnDe (D:3)
  A queen bee (D:10)
  A hornet (D:10)
  5 trolls (D:10)
  Sigmund (D:2)
  2 shadows
  A wyvern (D:8)
  13 yaks
  2 wraiths (D:10)
  A steam dragon (D:8)
  A warg (Orc:1)
  An acid dragon (D:9)
  A water moccasin (D:7)
  7 orc warriors
  2 black bears
  3 ice beasts
  A sky beast (D:8)
  4 ogres
  5 centaurs
  A phantom (D:5)
  5 bullfrogs
  6 kobold brigands (Sewer)
  2 scorpions
  A necrophage (D:8)
  2 gnoll sergeants (D:9)
  3 wights (D:6)
  22 killer bees
  4 howler monkeys
  3 jellies
  2 orc priests
  Crazy Yiuf (D:2)
  3 hounds
  Jessica (D:3)
  5 iguanas
  10 orc wizards
  18 adders
  14 gnolls
  2 river rats (Sewer)
  A shadow imp (D:8)
  2 white imps (D:7)
  An ufetubus (D:6)
  2 worms
  4 dart slugs
  35 orcs
  10 bats
  10 endoplasms
  6 giant cockroaches
  A goblin (D:4)
  A hobgoblin (D:3)
  7 jackals (D:4)
  5 quokkas
  9 ball pythons
  3 frilled lizards
  A goblin skeleton (D:9)
  12 kobolds
  A kobold skeleton (D:9)
  A kobold zombie (D:9)
  8 rats
284 creatures vanquished.

Vanquished Creatures (others)
  A human (D:9)
  An orc wizard (D:9)
  An orc (D:9)
3 creatures vanquished.

Grand Total: 287 creatures vanquished

Notes
Turn   | Place    | Note
-------+----------+-------------------------------------------
     0 | D:1      | KleinerIrrer the Octopode Monk began the quest for the Orb.
     0 | D:1      | Reached XP level 1. HP: 16/16 MP: 1/1
   355 | D:1      | Reached XP level 2. HP: 21/21 MP: 2/2
   750 | D:1      | Reached skill level 4 in Unarmed Combat
   756 | D:1      | Reached XP level 3. HP: 25/26 MP: 3/3
   766 | D:1      | Found a faded altar of an unknown god.
   975 | D:2      | Noticed Sigmund
   988 | D:2      | Killed Sigmund
   989 | D:2      | Reached skill level 6 in Unarmed Combat
   989 | D:2      | Reached XP level 4. HP: 11/31 MP: 4/4
   989 | D:2      | Reached XP level 5. HP: 12/36 MP: 5/5
  1368 | D:2      | Reached XP level 6. HP: 38/42 MP: 6/6
  1591 | D:2      | Found Duudiem's Magic Scroll Emporium.
  1600 | D:2      | Bought a scroll of fear for 52 gold pieces
  1808 | D:2      | Found a runed translucent door.
  1809 | D:2      | Noticed Crazy Yiuf
  1826 | D:2      | Found a broken altar of Ashenzari.
  2104 | D:3      | Found a glowing drain.
  2350 | D:3      | Reached skill level 7 in Unarmed Combat
  2355 | Sewer    | Entered a sewer
  2679 | Sewer    | Reached XP level 7. HP: 30/46 MP: 7/7
  2994 | Sewer    | Reached skill level 8 in Unarmed Combat
  3438 | Sewer    | Reached skill level 9 in Unarmed Combat
  4100 | D:3      | Noticed Jessica
  4109 | D:3      | Killed Jessica
  4199 | D:2      | Reached XP level 8. HP: 37/52 MP: 8/8
  4316 | D:3      | Identified the +1 short sword "Pohelaf" {venom, rElec rN++
                  | Will- Stlth+}
  4581 | D:3      | Found a transporter.
  4584 | D:3      | Noticed Mandevil's ghost (amateur GnDe)
  4585 | D:3      | Found a transporter.
  4958 | D:4      | Found a white marble altar of Elyvilon.
  5191 | D:4      | Found a hide-covered altar of Uskayaw.
  5532 | D:4      | Reached skill level 10 in Unarmed Combat
  5607 | D:5      | Entered Level 5 of the Dungeon
  5659 | D:5      | Found an iron altar of Okawaru.
  5921 | D:5      | Found Ceredev's Commerce Corner.
  5933 | D:5      | Found a shimmering blue altar of Sif Muna.
  6003 | D:5      | Found a hazy altar of Hepliaklqana.
  6019 | D:5      | Found a blossoming altar of Fedhas.
  6159 | D:5      | Reached skill level 11 in Unarmed Combat
  6173 | D:5      | Found a shadowy altar of Dithmenos.
  6411 | D:5      | Found a glowing golden altar of the Shining One.
  6655 | D:6      | Reached XP level 9. HP: 19/56 MP: 9/9
  6872 | D:6      | Identified the +2 helmet "Fipoess" {Regen+ SInv}
  7267 | D:6      | Reached skill level 12 in Unarmed Combat
  7839 | D:6      | Gained mutation: You are clumsy. (Dex -2) [potion of
                  | mutation]
  7840 | D:6      | Lost mutation: You are clumsy. (Dex -2) [potion of
                  | mutation]
  7840 | D:6      | Gained mutation: You are partially covered in iridescent
                  | scales. (AC +2) [potion of mutation]
  7840 | D:6      | Gained mutation: Your body sometimes deteriorates upon
                  | taking damage. [potion of mutation]
  7840 | D:6      | Gained mutation: You are robust. (+10% HP) [potion of
                  | mutation]
  7942 | D:7      | Found a sacrificial altar of Ru.
  8017 | D:7      | Found an ornate altar of the Wu Jian Council.
  8708 | D:7      | Found a stormy altar of Qazlal.
  8809 | D:7      | Noticed a troll
  8852 | D:7      | Reached skill level 13 in Unarmed Combat
  9116 | D:7      | Found a staircase to the Ecumenical Temple.
  9120 | Temple   | Entered the Ecumenical Temple
  9171 | Temple   | Became a worshipper of Gozag Ym Sagoz the Greedy
  9953 | D:2      | Killed Crazy Yiuf
 10044 | D:3      | Killed Mandevil's ghost
 10045 | D:3      | Reached skill level 14 in Unarmed Combat
 10045 | D:3      | Reached XP level 10. HP: 60/69 MP: 10/10
 10754 | D:8      | Noticed a deep elf pyromancer
 10761 | D:8      | Killed a deep elf pyromancer
 10792 | D:8      | Noticed Maggie
 10814 | D:8      | Killed Maggie
 11419 | D:9      | Found a runed translucent gate.
 11420 | D:9      | Found a runed translucent gate.
 11421 | D:9      | Found a runed translucent gate.
 11421 | D:9      | Noticed tentaculo's ghost (novice OpCK)
 11422 | D:9      | Noticed a centaur warrior
 11425 | D:9      | Found a snail-covered altar of Cheibriados.
 11572 | D:8      | Reached skill level 5 in Dodging
 11572 | D:8      | Reached skill level 15 in Unarmed Combat
 11900 | D:9      | Noticed a two-headed ogre
 11908 | D:9      | Killed a two-headed ogre
 11932 | D:9      | Found a runed translucent door.
 11967 | D:9      | Reached XP level 11. HP: 65/73 MP: 11/11
 11975 | D:9      | Found a basalt altar of Yredelemnul.
 12315 | D:9      | Noticed a deep elf knight
 12630 | D:9      | Identified the +4 hand axe of Sydduz {freeze, *Slow Will+
                  | Dex+3}
 12867 | D:10     | Entered Level 10 of the Dungeon
 13229 | D:10     | Noticed a death knight
 13256 | D:10     | Found a staircase to the Orcish Mines.
 13344 | D:10     | Killed a death knight
 14552 | D:10     | Reached skill level 16 in Unarmed Combat
 14740 | D:10     | Noticed a deep troll
 14871 | Orc:1    | Entered Level 1 of the Orcish Mines
 15344 | Orc:2    | Entered Level 2 of the Orcish Mines
 15778 | D:10     | Found a broken altar of Ashenzari.
 16676 | D:10     | Killed a deep troll
 17097 | D:9      | Bought the amulet "Fiobrer" {Acrobat Dex+2} for 576 gold
                  | pieces
 17250 | D:11     | Noticed a cyclops
 17610 | D:11     | Reached XP level 12. HP: 66/79 MP: 12/12
 17614 | D:11     | Noticed Snorg
 17628 | D:11     | HP: 5/118 [Snorg (8)]
 17628 | D:11     | Slain by Snorg

Illustrated notes

Levels and vault maps discovered:
D:1:      minmay_arrival_jagged, layout_loops_cross,
          hellmonk_ecumenical_altar_defaced_shrine
D:2:      layout_basic, basic_altar, serial_shops, shop, uniq_sigmund,
          uniq_crazy_yiuf_cottage
D:3:      layout_basic, gammafunk_ghost_smash, cheibrodos_sewer_entry_sluice,
          uniq_jessica
D:4:      layout_loops_ring, lemuel_doored_altar, mainiacjoe_overflow_brackets
D:5:      layout_basic, okawaru_trees_1, nicolae_tso_swordbearing_angel,
          nicolae_dithmenos_shadow_blocks, amcnicky_altar_gilded,
          fedhas_ov_isle_minmay, old_standard_altar, nicolae_alphabet_shops,
          amcnicky_mini_corridor_feature
D:6:      layout_loops_cross
D:7:      layout_loops_corners, nicolae_ru_sacrificial_ziggurat,
          grunt_qazlal_clouds, mainiacjoe_overflow_alcove_2, temple_hall_moat
D:8:      layout_basic, uniq_maggie
D:9:      layout_long_grid, mainiacjoe_overflow_alcove_1, dk_yredelemnul_ordeal,
          serial_glass, glass_columns_a, glass_columns_b, glass_columns_b,
          glass_columns_a, glass_columns_a, glass_columns_a, glass_columns_a,
          glass_columns_a, glass_columns_a, glass_columns_b, feat_on_display,
          due_unseen_surprise, item_on_display_a, feat_on_display,
          gammafunk_ghost_split
D:10:     lemuel_troll_bridge, layout_long_grid, ashenzari_conservatory_becter,
          minivault_7
D:11:     layout_basic, erik_lair_dragon, uniq_maurice, uniq_snorg
Temple:   nicolae_temple_bog_church
Orc:1:    layout_caves
Orc:2:    st_orc_mages, layout_caves, uniq_josephine

Skill      XL: |  1  2  3  4  5  6  7  8  9 10 11 |
---------------+----------------------------------+-----
Unarmed Combat | 4 6 7 9 11 14 15 16 | 16.7
Dodging        | 6 9 |  9.4
Fighting       | |  3.0
Stealth        | |  2.6

Action                   |  1- 3 |  4- 6 |  7- 9 | 10-12 || total
-------------------------+-------+-------+-------+-------++-------
Melee: Unarmed           |    50 |    78 |   325 |   386 ||   839
       Constrict         |    16 |    12 |    65 |    42 ||   135
       Tentacles         |    10 |    16 |    68 |   109 ||   203
       Punch             |     3 |     1 |    28 |    51 ||    83
Throw: Stone             |     2 |       |       |       ||     2
       Dart              |       |     8 |    58 |    33 ||    99
Invok: Call Merchant     |       |       |       |     1 ||     1
Evoke: Wand              |       |       |       |    23 ||    23
       Phial of floods   |       |       |       |     1 ||     1
  Use: Scroll            |       |       |     7 |     5 ||    12
       Potion            |       |       |     5 |    10 ||    15
 Stab: Sleeping          |     7 |     6 |    18 |     3 ||    34
       Paralysed         |       |       |       |    11 ||    11
       Distracted        |       |       |       |     4 ||     4
Armor: Skin              |     2 |     6 |    23 |    21 ||    52
Dodge: Dodged            |    25 |    49 |   131 |   216 ||   421
Block: Other             |       |       |     9 |    51 ||    60
       Reflection        |       |       |       |     1 ||     1

Table legend: (Time is in decaauts)
 A = Elapsed time spent in this place.
 B = Non-inter-level travel time spent in this place.
 C = Inter-level travel time spent in this place.
 D = Time resting spent in this place.
 E = Time spent auto-exploring this place.
 F = Levels seen in this place.
 G = Mean time per level.
                   A        B        C        D        E       F      G
               +--------+--------+--------+--------+--------+-----+--------+
         Total |  17507 |  15986 |   1521 |   4757 |   8127 |  15 | 1167.1 |
       Dungeon |  15657 |  14231 |   1426 |   4630 |   6867 |  11 | 1423.4 |
        Temple |     66 |     45 |     21 |      0 |     40 |   1 |   66.0 |
  Orcish Mines |    443 |    370 |     73 |     74 |    180 |   2 |  221.5 |
         Sewer |   1339 |   1339 |      0 |     53 |   1040 |   1 | 1339.0 |
               +--------+--------+--------+--------+--------+-----+--------+

Top non-repeatable levels by time:
    D:10: 3640 daAuts
     D:7: 1849 daAuts
     D:9: 1842 daAuts
     D:2: 1480 daAuts
     D:6: 1369 daAuts
   Sewer: 1339 daAuts
     D:5: 1204 daAuts
     D:3: 1147 daAuts
     D:8: 1042 daAuts
     D:4: 1006 daAuts
     D:1: 1001 daAuts
   Orc:1: 436 daAuts
    D:11: 72 daAuts
  Temple: 66 daAuts
   Orc:2: 7 daAuts
